Map: Tours du crépuscule

Players

zidar

  • Race: Zerg Zerg
  • League: Silver
  • Spawn Location: 7:00

Barbaris - Winner!

  • Race: Terran Terran
  • League: Gold
  • Spawn Location: 1:00

VOD

Have the link to the VOD?

Description

Time

  • Played on: Dec. 13, 2015, 5:20 a.m.
  • Length: 6:34
Show
View Real Time Build Order
Export as new Build Order

zidar Zerg 

Build Orders: Hatch First 

Get SALT Encoding   

  12  0:02  Drone  
  13  0:12  Overlord  
  13  0:17  Drone  
  14  0:30  Drone x2  
  14  0:34  Drone  
  17  0:56  Hatchery  
  16  1:00  Drone  
  17  1:15  Spawning Pool  
  17  1:17  Drone  
  17  1:21  Extractor  
  16  1:29  Drone  
  16  1:44  Drone x2  
  16  1:45  Drone  
  19  1:58  Overlord  
  19  2:02  Queen  
  21  2:11  Queen  
  21  2:12  Extractor  
  23  2:20  Zergling x6  
  26  2:38  Drone x2  
  26  2:39  Drone x2  
  30  2:47  Metabolic Boost  
  30  3:05  Spine Crawler  
  29  3:11  Extractor  
  28  3:15  Roach Warren  
  28  3:19  Drone  
  29  3:20  Drone x4  
  29  3:21  Drone x2  
  34  3:48  Evolution Chamber  
  34  3:52  Evolution Chamber  
  32  3:58  Drone x4  
  36  4:06  Overlord  
  36  4:07  Overlord x3  
  36  4:21  Zerg Missile Weapons Level 1, Zerg Ground Armor Level 1  
  36  4:29  Roach  
  36  4:30  Roach x3  
  36  4:31  Roach  
  42  5:00  Roach  
  42  5:01  Roach x7  
  30  5:59  Roach  
  30  6:00  Roach x4  
  40  6:06  Roach x3  
  42  6:22  Spore Crawler  
Show
View Real Time Build Order
Export as new Build Order

Barbaris Terran - Winner!

Build Orders: Liberator Opening 

Get SALT Encoding   

  12  0:01  SCV  
  13  0:13  SCV  
  14  0:18  Supply Depot  
  14  0:26  Refinery  
  14  0:28  SCV  
  15  0:44  Barracks  
  15  0:45  SCV  
  16  0:57  SCV  
  16  1:03  Supply Depot  
  17  1:10  SCV  
  18  1:29  SCV  
  18  1:31  Marine  
  20  1:33  Refinery  
  20  1:43  Factory  
  20  1:49  Marine  
  20  1:50  Orbital Command  
  21  2:07  Marine  
  22  2:21  Refinery  
  22  2:30  Marine  
  22  2:32  Factory Tech Lab  
  23  2:37  Starport  
  23  2:43  Barracks  
  23  2:49  Marine  
  24  2:53  Siege Tank  
  27  3:06  Infernal Pre-Igniter  
  27  3:09  Marine  
  27  3:21  Liberator  
  27  3:28  Marine  
  31  3:54  Barracks Reactor  
  31  4:03  Supply Depot  
  31  4:05  Supply Depot  
  31  4:24  SCV  
  32  4:31  Command Center  
  32  4:34  Marine  
  32  4:35  Marine  
  32  4:36  SCV  
  33  4:52  Marine  
  33  4:53  Marine  
  33  4:57  Siege Tank  
  38  5:10  Marine x2  
  40  5:28  Marine x2  
  39  5:46  Marine x2  
  37  6:00  Siege Tank  
  37  6:04  Marine x2  
Tags
 
Add a new tag
Caveats
  • Supply blocks, unpowered buildings, or Contaminate may cause inaccurate times.
  • Supply counts are checked every 10 seconds.